 Dungeon Crawl Stone Soup version 0.31-a0-1522-g43313d8a59 (webtiles) character file.

Game seed: 12899192073939352271

401 bjtr the Magician (level 6, -4/57 HPs)
             Began as an Oni Earth Elementalist on Dec 31, 2023.
             Killed by an exploding centaur zombie (39 damage)
             ... ignited by their inner flame
             ... in an ossuary.
             The game lasted 00:17:03 (3791 turns).

bjtr the Magician (Oni Earth Elementalist)          Turns: 3791, Time: 00:17:07

Health: -4/57      AC:  5    Str: 13    XL:     6   Next: 85%
Magic:  13/13      EV: 10    Int: 18    God:
Gold:   201        SH:  0    Dex:  9    Spells: 7/14 levels left

rFire   . . .        g - +1 flail
rCold   . . .        u - orb {*channel}
rNeg    . . .        a - +0 robe
rPois   .            (helmet restricted)
rElec   .            s - +1 cloak
rCorr   .            (gloves unavailable)
SInv    .            (boots unavailable)
Will    .....        (no amulet)
Stlth   ++           (no ring)
HPRegen 0.29/turn    (no ring)
MPRegen 0.13/turn

%: channel magic (20%)
@: marked, very slightly contaminated
A: large, unfitting armour, horns 1, tough skin 1, double potion healing,
drunken brawling
a: no special abilities


You were in an ossuary.
You visited 1 branch of the dungeon, and saw 4 of its levels.
You also visited: Ossuary.

You collected 201 gold pieces.

Inventory:

Hand Weapons
 c - a +1 trident of freezing
 g - a +1 flail (weapon)
 k - a +3 dagger
 q - a +0 antimagic dagger
Missiles
 m - 5 poisoned darts
 t - a throwing net
Armour
 a - a +0 robe (worn)
 s - a +1 cloak (worn)
 u - an orb of energy (worn)
Scrolls
 j - 3 scrolls of poison
 o - a scroll of immolation
 r - a scroll of teleportation
Potions
 b - a potion of magic
 d - 3 potions of mutation
 e - a potion of heal wounds
 f - a potion of lignification {unknown}
 n - a potion of curing


   Skills:
 + Level 1.8 Fighting
 + Level 2.2 Maces & Flails
 + Level 3.0 Dodging
 + Level 1.7 Stealth
 + Level 4.7 Spellcasting
 + Level 4.2 Earth Magic
 - Level 0.8 Alchemy


You had 7 spell levels left.
You knew the following spells:

 Your Spells              Type           Power      Damage    Failure   Level
a - Sandblast             Erth           38%        2d10      9%          1
b - Passwall              Erth           19%        N/A       19%         3
c - Stone Arrow           Conj/Erth      22%        3d8       36%         3

Your spell library contained the following spells:

 Spells                   Type           Power      Damage    Failure   Level
 Call Imp                 Summ           8%         N/A       41%         2
 Ensorcelled Hibernation  Hex/Ice        8%         N/A       41%         2
 Sublimation of Blood     Necr           4%         N/A       41%         2
 Swiftness                Air            4%         N/A       61%         3
 Petrify                  Alch/Erth      13%        N/A       65%         4
 Brom's Barrelling Bould  Conj/Erth      11%        2d3       71%         4
 Summon Hydra             Summ           2%         N/A       100%        7


Dungeon Overview and Level Annotations

Branches:
Dungeon (4/15)            Ossuary (1/1)
 Temple: D:4-7

Altars:

Shops:
D:3 [

Annotations:
D:3 2 transporters, Tollund's ghost, amateur GrEE


Innate Abilities, Weirdness & Mutations

You are too large for most types of armour.
You have a pair of small horns on your head.
You have tough skin. (AC +1)
You gain doubled healing and magic from potions.
Whenever you drink a healing potion, you attack all around you.


Message History

The hound zombie barely misses you.
The centaur zombie hits you but does no damage.
The centaur zombie kicks you but does no damage.
The hound zombie attacks as it pursues you!
The hound zombie barely misses you.
The centaur zombie attacks as it pursues you!
The centaur zombie hits you but does no damage.
The centaur zombie closely misses you. The hound zombie barely misses you.
The centaur zombie hits you but does no damage.
The centaur zombie kicks you but does no damage.
The centaur zombie attacks as it pursues you!
The centaur zombie hits you. The centaur zombie kicks you.
The centaur zombie hits you. The centaur zombie closely misses you.
Casting: Sandblast (safe; 9% risk of failure)
Confirm with . or Enter, or press ? or * to list all spells.
Aiming: Sandblast (safe; 9% risk of failure)
Press: ? - help, Shift-Dir - straight line, f - centaur zombie, p - hound zombie
Aim: a centaur zombie (heavily damaged, inner flame, 100% to hit)
You miscast Sandblast.
You are very lightly contaminated with residual magic.
Nothing appears to happen.
Magical energy flows into your mind!
The centaur zombie hits you but does no damage.
The centaur zombie kicks you.
The centaur zombie attacks as it pursues you!
The centaur zombie barely misses you.
The centaur zombie kicks you but does no damage.
Casting: Sandblast (safe; 9% risk of failure)
Confirm with . or Enter, or press ? or * to list all spells.
Aiming: Sandblast (safe; 9% risk of failure)
Press: ? - help, Shift-Dir - straight line, f - centaur zombie, p - centaur zombie
Aim: a centaur zombie (lightly damaged, inner flame, 100% to hit)
The blast of sand hits the centaur zombie!
Flame seeps out of the centaur zombie.
The centaur zombie is almost destroyed.
Magical energy flows into your mind!
The centaur zombie is engulfed in blazing flames.
The centaur zombie explodes!
The fiery explosion engulfs you!!!
Ouch! That really hurt!
You die...

######################
#.........∩∩....§§§..#
#...............@○Z..#
#...##############ZZ.#
#...# #.Z.# #...#
#...# #...# #...#
....+####...# #...#
#.∩.....#ZZ.# #...#
#.......#...# #...#
#M......#Z..#
#...#Z####...Z...#...#


You could see an adder zombie (inner flame), a hound zombie (inner flame) and 2
centaur zombies.

Vanquished Creatures
  A phantom (D:4)
  2 centaur zombies (Ossuary)
  An orc priest (D:3)
  Jessica (D:2)
  5 hound zombies (Ossuary)
  3 adders
  3 gnolls (D:3)
  2 dart slugs
  5 ribbon worms
  5 orcs (D:3)
  9 ball pythons
  3 endoplasms
  3 giant cockroaches
  4 gnoll zombies (Ossuary)
  12 goblins
  3 hobgoblins
  8 kobolds
  2 quokkas (D:2)
  6 bats
  7 frilled lizards
  3 jackal zombies (Ossuary)
  4 kobold zombies (Ossuary)
  3 orc zombies (Ossuary)
  9 rats
104 creatures vanquished.

Notes
Turn   | Place    | Note
-------+----------+-------------------------------------------
     0 | D:1      | bjtr the Oni Earth Elementalist began the quest for the
                  | Orb.
     0 | D:1      | Reached XP level 1. HP: 16/16 MP: 3/3
   239 | D:1      | Reached XP level 2. HP: 24/24 MP: 5/5
   658 | D:1      | Reached XP level 3. HP: 31/31 MP: 3/6
  1437 | D:2      | Noticed Jessica
  1442 | D:2      | Killed Jessica
  1443 | D:2      | Reached skill level 1 in Fighting
  1443 | D:2      | Reached XP level 4. HP: 41/41 MP: 6/9
  1458 | D:2      | Found a faded altar of an unknown god.
  2061 | D:2      | Noticed a glass eye
  2064 | D:2      | Noticed an eye of devastation
  2064 | D:2      | Noticed a shining eye
  2064 | D:2      | Noticed a glass eye
  2369 | D:3      | Reached XP level 5. HP: 48/48 MP: 7/11
  2453 | D:3      | Found Ufaesego's Antique Armour Boutique.
  2477 | D:3      | Noticed Tollund's ghost (amateur GrEE)
  2489 | D:3      | Found a transporter.
  2572 | D:3      | Found a transporter.
  2754 | D:3      | Reached skill level 1 in Maces & Flails
  2777 | D:3      | Learned a level 3 spell: Passwall
  2781 | D:3      | Learned a level 3 spell: Stone Arrow
  3292 | D:4      | Noticed a phantom
  3296 | D:4      | Killed a phantom
  3297 | D:4      | Reached XP level 6. HP: 49/55 MP: 7/12
  3341 | D:4      | Found a sand-covered staircase.
  3352 | Ossuary  | Entered an ossuary
  3791 | Ossuary  | Killed by an exploding centaur zombie... ignited by their
                  | inner flame

Illustrated notes

Levels and vault maps discovered:
D:1:      dpeg_arrival_simpleton_c, layout_basic,
          chequers_serial_rivers_small_3, wander_ebering_terrifying_dragon_lair
D:2:      wad_lake_hut, layout_rooms, hellmonk_ecumenical_altar_watching_god,
          uniq_jessica
D:3:      layout_basic, gammafunk_ghost_arena, serial_shops, shop, st_stairs_8
D:4:      layout_loops_ring, nicolae_overflow_hidden_temple, enter_ossuary_1,
          uniq_pikel
Ossuary:  ossuary_tomb_1

Skill      XL: |  1  2  3  4  5  6 |
---------------+-------------------+-----
Earth Magic    | 3 4 |  4.2
Dodging        | 2 3 |  3.0
Spellcasting   | 3 4 |  4.7
Fighting       | 1 |  1.8
Maces & Flails | 1 2 |  2.2
Stealth        | |  1.7
Alchemy        | |  0.8

Action                     |  1- 3 |  4- 6 || total
---------------------------+-------+-------++-------
  Melee: Unarmed           |     5 |       ||     5
         Flail             |    39 |   135 ||   174
         Headbutt          |     4 |    30 ||    34
   Cast: Sandblast         |    41 |    54 ||    95
         Stone Arrow       |       |     1 ||     1
    Use: Scroll            |       |    12 ||    12
   Stab: Sleeping          |       |     1 ||     1
 Armour: Robe              |    44 |   218 ||   262
  Dodge: Dodged            |    31 |   149 ||   180

Table legend: (Time is in decaauts)
 A = Elapsed time spent in this place.
 B = Non-inter-level travel time spent in this place.
 C = Inter-level travel time spent in this place.
 D = Time resting spent in this place.
 E = Time spent auto-exploring this place.
 F = Levels seen in this place.
 G = Mean time per level.
                   A        B        C        D        E       F      G
               +--------+--------+--------+--------+--------+-----+--------+
         Total |   3896 |   3853 |     43 |    605 |   2247 |   5 |  779.2 |
       Dungeon |   3430 |   3387 |     43 |    449 |   2124 |   4 |  857.5 |
       Ossuary |    466 |    466 |      0 |    156 |    123 |   1 |  466.0 |
               +--------+--------+--------+--------+--------+-----+--------+

Top non-repeatable levels by time:
     D:2: 1163 daAuts
     D:3: 1068 daAuts
     D:1: 1066 daAuts
 Ossuary: 466 daAuts
     D:4: 131 daAuts
